EVO
WASHINGTON STATE UNIVERSITY COUGARS @ WICHITA STATE UNIVERSITY SHOCKERS
07/18/2047
 
TOP OF THE 1ST
Washington State University Cougars batting - Pitching for Wichita State University Shockers : RHP Elias Aguilar
Pitching: RHP Elias Aguilar
Batting: RHB Rafael Collyer 0-0: Ball
1-0: Foul Ball, location: 2F
1-1: Ball
2-1: Swinging Strike
2-2: Foul Ball, location: 2F
2-2: Foul Ball, location: 2F
2-2: Ball
3-2: Strikes out looking
Batting: RHB Miguel Paredes 0-0: Called Strike
0-1: SINGLE (Line Drive, 89M, EV 105.6 MPH)
Pitching: RHP Keith Wilder
Batting: SHB Juan Delanoval 0-0: Foul Ball, location: 2F
0-1: Swinging Strike
0-2: Strikes out swinging
Batting: LHB Israel Ariza 0-0: Ball
1-0: Called Strike
1-1: Called Strike
1-2: Foul Ball, location: 2F
1-2: SINGLE (Line Drive, 8RS, EV 103.1 MPH)
Miguel Paredes to second
Batting: RHB Wil Gonzales 0-0: Fielders Choice at 2nd, 6-4 (Groundball, 6, EV 85.6 MPH)
Top of the 1st over - 0 runs, 2 hits, 0 errors, 2 left on base; Washington State University 0 - Wichita State University 0
BOTTOM OF THE 1ST
Wichita State University Shockers batting - Pitching for Washington State University Cougars : RHP Lance Fisher
Pitching: RHP Lance Fisher
Batting: RHB Alex Zeledon 0-0: Called Strike
0-1: Ground out 3-1 (Groundball, 34, EV 89.4 MPH)
Batting: RHB Lucio Baratta 0-0: Ball
1-0: Ball
2-0: Foul Ball, location: 2F
2-1: Foul Ball, location: 2F
2-2: Fly out, F7 (Flyball, 78M, EV 91.2 MPH)
Batting: LHB Carlos Flores 0-0: Foul Ball, location: 2F
0-1: Swinging Strike
0-2: Ground out 4-3 (Groundball, 4, EV 85.0 MPH)
Bottom of the 1st over - 0 runs, 0 hits, 0 errors, 0 left on base; Washington State University 0 - Wichita State University 0
TOP OF THE 2ND
Washington State University Cougars batting - Pitching for Wichita State University Shockers : RHP Keith Wilder
Batting: RHB Ryan Toth 0-0: Called Strike
0-1: Fly out, F8 (Flyball, 89D, EV 93.1 MPH)
Batting: LHB Rex Creswell 0-0: Called Strike
0-1: Foul Ball, location: 2F
0-2: Ball
1-2: Fly out, F8 (Flyball, 89D, EV 91.2 MPH)
Batting: RHB Wambua Ewansiha 0-0: Foul Ball, location: 2F
0-1: Ball
1-1: Called Strike
1-2: Ball
2-2: Strikes out swinging
Top of the 2nd over - 0 runs, 0 hits, 0 errors, 0 left on base; Washington State University 0 - Wichita State University 0
BOTTOM OF THE 2ND
Wichita State University Shockers batting - Pitching for Washington State University Cougars : RHP Lance Fisher
Batting: RHB Byron Whitehead 0-0: SINGLE (Groundball, 6MD, EV 95.6 MPH)
Batting: RHB Jordan Carr 0-0: Ball
1-0: Foul Ball, location: 2F
1-1: Ball
2-1: Foul Ball, location: 2F
2-2: Ball
3-2: Base on Balls
Byron Whitehead to second
Batting: SHB Mike Chafe 0-0: Ball
1-0: Ball
2-0: Foul Ball, location: 2F
2-1: Called Strike
2-2: Foul Ball, location: 2F
2-2: Foul Ball, location: 2F
2-2: SINGLE (Flyball, 8LS, EV 96.9 MPH)
Byron Whitehead to third
Jordan Carr to second
Runner from 3rd tries for Home, SAFE, throw by CF to home
Batting: RHB Kyle Gill 0-0: Called Strike
0-1: Ball
1-1: SINGLE (Groundball, 56D, EV 106.2 MPH) (infield hit)
Jordan Carr to third
Mike Chafe to second
Batting: LHB Troy Davies 0-0: Ball
1-0: Ball
2-0: Foul Ball, location: 2F
2-1: Foul Ball, location: 2F
2-2: Strikes out swinging
Batting: RHB Jeff Grant 0-0: Called Strike
0-1: Called Strike
0-2: Ball
1-2: Ball
2-2: Foul Ball, location: 2F
2-2: Strikes out swinging
Batting: RHB Alex Zeledon 0-0: Called Strike
0-1: Called Strike
0-2: Ball
1-2: Ball
2-2: DOUBLE (Flyball, 89D, EV 105.6 MPH)
Jordan Carr scores
Mike Chafe scores
Kyle Gill to third
Batting: RHB Lucio Baratta 0-0: Fly out, F7 (Flyball, 78S, EV 90.0 MPH)
Bottom of the 2nd over - 3 runs, 4 hits, 0 errors, 2 left on base; Washington State University 0 - Wichita State University 3
TOP OF THE 3RD
Washington State University Cougars batting - Pitching for Wichita State University Shockers : RHP Keith Wilder
Pitching: LHP John Schroeder
Batting: RHB Ron Essink 0-0: Called Strike
0-1: Ball
1-1: Foul Ball, location: 2F
1-2: Foul Ball, location: 2F
1-2: Ball
2-2: Ball
3-2: Fly out, F9 (Flyball, 89M, EV 85.0 MPH)
Batting: RHB Rafael Collyer 0-0: Fly out, F9 (Flyball, 9S, EV 82.5 MPH)
Batting: RHB Miguel Paredes 0-0: Fly out, F9 (Flyball, 9LS, EV 93.1 MPH)
Top of the 3rd over - 0 runs, 0 hits, 0 errors, 0 left on base; Washington State University 0 - Wichita State University 3
BOTTOM OF THE 3RD
Wichita State University Shockers batting - Pitching for Washington State University Cougars : RHP Lance Fisher
Batting: LHB Carlos Flores 0-0: Called Strike
0-1: Ball
1-1: Ball
2-1: Foul Ball, location: 2F
2-2: Ball
3-2: Fly out, F9 (Flyball, 89M, EV 91.9 MPH)
Batting: RHB Byron Whitehead 0-0: Called Strike
0-1: Reached on error, E5 (Groundball, 56S, EV 91.2 MPH)
Batting: RHB Jordan Carr 0-0: Ground out 6-3 (Groundball, 6S, EV 84.4 MPH)
Batting: SHB Mike Chafe 0-0: Ball
1-0: Foul Ball, location: 2F
1-1: Called Strike
1-2: Strikes out swinging
Bottom of the 3rd over - 0 runs, 0 hits, 1 error, 1 left on base; Washington State University 0 - Wichita State University 3
TOP OF THE 4TH
Washington State University Cougars batting - Pitching for Wichita State University Shockers : LHP John Schroeder
Pitching: LHP Jacob Seymour
Batting: SHB Juan Delanoval 0-0: Called Strike
0-1: Foul Ball, location: 2F
0-2: Strikes out looking
Batting: LHB Israel Ariza 0-0: Ball
1-0: Ball
2-0: Fly out, F8 (Line Drive, 8LD, EV 96.2 MPH)
Batting: RHB Wil Gonzales 0-0: Swinging Strike
0-1: Ball
1-1: Foul Ball, location: 2F
1-2: Fly out, F9 (Flyball, 9, EV 77.5 MPH)
Top of the 4th over - 0 runs, 0 hits, 0 errors, 0 left on base; Washington State University 0 - Wichita State University 3
BOTTOM OF THE 4TH
Wichita State University Shockers batting - Pitching for Washington State University Cougars : RHP Lance Fisher
Batting: RHB Kyle Gill 0-0: Foul Ball, location: 2F
0-1: Ball
1-1: Called Strike
1-2: Strikes out swinging
Batting: LHB Troy Davies 0-0: Ground out 4-3 (Groundball, 34, EV 97.5 MPH)
Batting: RHB Jeff Grant 0-0: Ball
1-0: Fly out, F8 (Flyball, 8LM, EV 90.0 MPH)
Bottom of the 4th over - 0 runs, 0 hits, 0 errors, 0 left on base; Washington State University 0 - Wichita State University 3
TOP OF THE 5TH
Washington State University Cougars batting - Pitching for Wichita State University Shockers : LHP Jacob Seymour
Pitching: LHP Alex Brown
Now at C: Larry Hogue
Batting: RHB Ryan Toth 0-0: Called Strike
0-1: Foul Ball, location: 2F
0-2: Ball
1-2: Ball
2-2: Foul Ball, location: 2F
2-2: Strikes out swinging
Batting: LHB Rex Creswell 0-0: Ball
1-0: Ball
2-0: Ball
3-0: Called Strike
3-1: Base on Balls
Batting: RHB Wambua Ewansiha 0-0: Foul Ball, location: 2F
0-1: Ball
1-1: Ball
2-1: Foul Ball, location: 2F
2-2: Foul Ball, location: 2F
2-2: Ball
3-2: DOUBLE (Line Drive, 89D, EV 109.4 MPH)
Rex Creswell to third
Batting: RHB Ron Essink 0-0: Called Strike
0-1: Called Strike
0-2: Ball
1-2: Strikes out looking
Batting: RHB Rafael Collyer 0-0: Ball
Wild Pitch!
Rex Creswell scores
Wambua Ewansiha to third
1-0: Ball
2-0: TRIPLE (Flyball, 78XD, EV 100.6 MPH)
Wambua Ewansiha scores
Pitching: RHP Ryan Chase
Batting: RHB Miguel Paredes 0-0: Called Strike
0-1: Foul Ball, location: 2F
0-2: Strikes out swinging
Top of the 5th over - 2 runs, 2 hits, 0 errors, 1 left on base; Washington State University 2 - Wichita State University 3
BOTTOM OF THE 5TH
Wichita State University Shockers batting - Pitching for Washington State University Cougars : RHP Lance Fisher
Now at C: Dave DeLaMater
Pinch Hitting: LHB Kyle Lee 0-0: Called Strike
0-1: Ball
1-1: Ball
2-1: SINGLE (Flyball, 89S, EV 98.1 MPH)
Batting: SHB Peter Faggard 0-0: SINGLE (Flyball, 8LS, EV 93.1 MPH)
Kyle Lee to second
Batting: LHB Carlos Flores 0-0: Foul Ball, location: 2F
0-1: Ball
1-1: Grounds into double play, 4-6-3 (Groundball, 4, EV 106.9 MPH)
Kyle Lee to third
Batting: RHB Byron Whitehead 0-0: Ball
1-0: Swinging Strike
1-1: Foul Ball, location: 2F
1-2: Ball
2-2: Ball
3-2: Base on Balls
Pinch Hitting: RHB Marvin Coffey 0-0: Ball
1-0: Swinging Strike
1-1: Ball
2-1: Ball
3-1: Fly out, F8 (Flyball, 8RM, EV 70.0 MPH)
Bottom of the 5th over - 0 runs, 2 hits, 0 errors, 2 left on base; Washington State University 2 - Wichita State University 3
TOP OF THE 6TH
Washington State University Cougars batting - Pitching for Wichita State University Shockers : RHP Ryan Chase
Pitching: LHP Ernesto Ruiz
Now at 1B: Rick McGrath
Now at 2B: Kyle Lee
Batting: SHB Juan Delanoval 0-0: Called Strike
0-1: Fly out, F8 (Flyball, 8RM, EV 98.8 MPH)
Batting: LHB Israel Ariza 0-0: DOUBLE (Flyball, 8LXD, EV 105.0 MPH)
Batting: RHB Wil Gonzales 0-0: Ball
1-0: Foul Ball, location: 2F
1-1: Foul Ball, location: 2F
1-2: Fly out, F8 (Flyball, 89M, EV 90.0 MPH)
Pinch Hitting: LHB David Jackson 0-0: Called Strike
0-1: Ball
1-1: Swinging Strike
1-2: Ball
2-2: Ball
3-2: Strikes out looking
Top of the 6th over - 0 runs, 1 hit, 0 errors, 1 left on base; Washington State University 2 - Wichita State University 3
BOTTOM OF THE 6TH
Wichita State University Shockers batting - Pitching for Washington State University Cougars : RHP Lance Fisher
Pitching: RHP Gerbrand Lubbers
Now in LF: David Jackson
Batting: RHB Larry Hogue 0-0: Ground out U3 (Groundball, 34, EV 98.1 MPH)
Batting: RHB Kyle Gill 0-0: Ball
1-0: Ball
2-0: Foul Ball, location: 2F
2-1: Ball
3-1: Ground out U3 (Groundball, 13, EV 78.1 MPH)
Batting: LHB Troy Davies 0-0: Called Strike
0-1: Ball
1-1: Ball
2-1: Called Strike
2-2: Strikes out swinging
Bottom of the 6th over - 0 runs, 0 hits, 0 errors, 0 left on base; Washington State University 2 - Wichita State University 3
TOP OF THE 7TH
Washington State University Cougars batting - Pitching for Wichita State University Shockers : LHP Ernesto Ruiz
Pitching: LHP Rusty Estes
Pinch Hitting: RHB Mas Langat 0-0: Foul Ball, location: 2F
0-1: Called Strike
0-2: Strikes out looking
Batting: RHB Dave DeLaMater 0-0: Foul Ball, location: 2F
0-1: Swinging Strike
0-2: Ball
1-2: Foul Ball, location: 2F
1-2: Ball
2-2: Foul Ball, location: 2F
2-2: Ball
3-2: Base on Balls
Batting: RHB Ron Essink 0-0: Ball
1-0: Foul Ball, location: 2F
1-1: SINGLE (Groundball, 6MD, EV 100.6 MPH)
Dave DeLaMater to second
Batting: LHB Scott Spillers 0-0: Hit by Pitch
Dave DeLaMater to third
Ron Essink to second
Batting: RHB Miguel Paredes 0-0: Ball
1-0: Fly out, F9 (Flyball, 89D, EV 98.1 MPH)
Runner from 3rd tags up, SCORES, throw by RF
Ron Essink to third
Batting: SHB Juan Delanoval 0-0: SINGLE (Groundball, 6MD, EV 95.6 MPH)
Ron Essink scores
Scott Spillers to second
Batting: LHB Israel Ariza 0-0: Called Strike
0-1: Ball
1-1: Foul Ball, location: 2F
1-2: Ball
2-2: Fly out, F7 (Flyball, 7S, EV 91.2 MPH)
Top of the 7th over - 2 runs, 2 hits, 0 errors, 2 left on base; Washington State University 4 - Wichita State University 3
BOTTOM OF THE 7TH
Wichita State University Shockers batting - Pitching for Washington State University Cougars : RHP Gerbrand Lubbers
Now at 1B: Joe Weber
Now at SS: Mas Langat
Batting: RHB Jeff Grant 0-0: Called Strike
0-1: Ball
1-1: Called Strike
1-2: DOUBLE (Flyball, 8LD, EV 96.9 MPH)
Batting: LHB Kyle Lee 0-0: Ball
1-0: Called Strike
1-1: Fly out, F8 (Flyball, 78D, EV 92.5 MPH)
Batting: SHB Peter Faggard 0-0: Foul Ball, location: 2F
0-1: Ball
1-1: Ball
2-1: Called Strike
2-2: Foul Ball, location: 2F
2-2: Ball
3-2: Base on Balls
Pitching: LHP Scott Bradley
Batting: LHB Carlos Flores 0-0: Ball
1-0: Swinging Strike
1-1: Ball
2-1: Foul Ball, location: 2F
2-2: Strikes out looking
Pitching: RHP Randolph Batten
Batting: RHB Byron Whitehead 0-0: Ball
1-0: DOUBLE (Groundball, 5L, EV 110.0 MPH)
Jeff Grant scores
Peter Faggard to third
Runner from 3rd tries for Home, SAFE, throw by LF to home
Batting: RHB Rick McGrath 0-0: Ball
1-0: Ground out 6-3 (Groundball, 6, EV 78.8 MPH)
Bottom of the 7th over - 2 runs, 2 hits, 0 errors, 1 left on base; Washington State University 4 - Wichita State University 5
TOP OF THE 8TH
Washington State University Cougars batting - Pitching for Wichita State University Shockers : LHP Rusty Estes
Pitching: LHP Blake Gans
Batting: RHB Wil Gonzales 0-0: Ball
1-0: Ball
2-0: Ball
3-0: Called Strike
3-1: Base on Balls
Batting: LHB David Jackson 0-0: Called Strike
0-1: Foul Ball, location: 2F
0-2: Strikes out swinging
Batting: RHB Mas Langat 0-0: Ball
1-0: Swinging Strike
1-1: Fly out, F8 (Flyball, 8RD, EV 110.0 MPH)
Batting: RHB Dave DeLaMater 0-0: Swinging Strike
0-1: Swinging Strike
0-2: Strikes out looking
Top of the 8th over - 0 runs, 0 hits, 0 errors, 1 left on base; Washington State University 4 - Wichita State University 5
BOTTOM OF THE 8TH
Wichita State University Shockers batting - Pitching for Washington State University Cougars : RHP Randolph Batten
Pitching: RHP Jim Burbidge
Batting: RHB Larry Hogue 0-0: Ball
1-0: Swinging Strike
1-1: Ground out 4-3 (Groundball, 4, EV 99.4 MPH)
Batting: RHB Kyle Gill 0-0: Ball
1-0: Fly out, F8 (Flyball, 89M, EV 92.5 MPH)
Batting: LHB Troy Davies 0-0: SINGLE (Flyball, 89S, EV 91.2 MPH)
Batting: RHB Jeff Grant 0-0: Ground out 4-3 (Groundball, 13, EV 87.5 MPH)
Bottom of the 8th over - 0 runs, 1 hit, 0 errors, 1 left on base; Washington State University 4 - Wichita State University 5
TOP OF THE 9TH
Washington State University Cougars batting - Pitching for Wichita State University Shockers : LHP Blake Gans
Pitching: LHP Greg Burton
Batting: RHB Ron Essink 0-0: Ball
1-0: SINGLE (Line Drive, 6MD, EV 111.2 MPH)
Batting: LHB Scott Spillers 0-0: Ball
1-0: SINGLE (Line Drive, 8RM, EV 93.1 MPH)
Ron Essink to second
Batting: RHB Miguel Paredes 0-0: Bunt missed!
0-1: Sac Bunt to 15S - play at first, batter OUT! 1-4
Ron Essink to third
Scott Spillers to second
Batting: SHB Juan Delanoval 0-0: Intentional Walk
Batting: RHB Joe Weber 0-0: Ball
1-0: Ball
2-0: Ball
3-0: Called Strike
3-1: Foul Ball, location: 2F
3-2: Strikes out swinging
Batting: RHB Wil Gonzales 0-0: Called Strike
0-1: Foul Ball, location: 2F
0-2: Strikes out looking
Top of the 9th over - 0 runs, 2 hits, 0 errors, 3 left on base; Washington State University 4 - Wichita State University 5
Thursday, December 15th , 2022 - OOTP Baseball 23.9 Build 102